Map: 2000 Atmospheres LE

Players

AqueroN

  • Race: Terran Terran

MaNa - Winner!

  • Race: Protoss Protoss

Event: DreamHack SC2 Masters 2021 Winter

VOD

Have the link to the VOD?

Description

Time

  • Played on: Oct. 8, 2021, 12:49 p.m.
  • Length: 17:30

All games in this series

Show
View Real Time Build Order
Export as new Build Order

AqueroN Terran 

Build Orders:  

Get SALT Encoding   

  12  0:00  SCV  
  13  0:12  SCV  
  14  0:16  Supply Depot  
  14  0:24  SCV  
  15  0:38  SCV  
  15  0:39  Barracks  
  16  0:44  Refinery  
  16  0:50  SCV  
  17  1:02  SCV  
  18  1:14  SCV  
  18  1:17  Engineering Bay  
  19  1:28  Orbital Command  
  19  1:32  Barracks Reactor  
  18  1:49  Command Center  
  18  1:53  SCV  
  19  2:02  Supply Depot  
  19  2:05  SCV  
  20  2:08  Reaper x2  
  22  2:15  Barracks  
  22  2:18  SCV  
  23  2:27  Barracks  
  23  2:30  SCV  
  24  2:40  Reaper, Supply Depot  
  24  2:41  Reaper  
  26  2:44  SCV  
  27  2:57  SCV  
  28  3:03  Orbital Command  
  28  3:04  Barracks Tech Lab  
  28  3:09  SCV  
  28  3:12  Marine x2  
  29  3:15  Barracks Tech Lab  
  31  3:20  Refinery  
  31  3:21  SCV  
  31  3:22  Marine  
  33  3:30  SCV, Marine x2  
  33  3:33  SCV, Bunker  
  37  3:47  SCV, Marine x2  
  40  3:50  SCV  
  40  3:51  Marine x2  
  40  3:52  Stimpack  
  43  3:58  Supply Depot  
  43  3:59  SCV  
  43  4:02  SCV  
  41  4:05  Marine x2  
  41  4:07  Combat Shield  
  41  4:09  Marine x2  
  44  4:13  SCV  
  44  4:18  SCV  
  44  4:23  Marine x2  
  46  4:25  SCV  
  46  4:27  Marine x2  
  49  4:32  SCV  
  49  4:33  Engineering Bay  
  49  4:37  SCV  
  51  4:38  Supply Depot  
  51  4:41  Marine x2  
  51  4:44  Factory  
  51  4:45  Marine x2  
  55  4:47  SCV  
  55  4:49  SCV  
  57  4:59  SCV  
  58  5:00  Terran Infantry Weapons Level 1  
  58  5:01  SCV  
  58  5:05  Marine x3  
  58  5:06  Marine  
  62  5:11  SCV  
  62  5:13  SCV  
  61  5:17  Barracks x2  
  58  5:23  SCV, Marine x4  
  58  5:25  SCV  
  64  5:35  SCV  
  65  5:37  SCV  
  65  5:41  Starport  
  65  5:42  Factory Reactor  
  66  5:43  Marine x2  
  66  5:47  SCV  
  66  5:48  Supply Depot  
  69  5:55  SCV, Supply Depot  
  69  5:56  Concussive Shells  
  70  6:09  SCV, Marine x3  
  70  6:10  Marauder x2  
  78  6:11  Missile Turret  
  78  6:13  Supply Depot  
  78  6:16  Marine, Missile Turret  
  78  6:17  SCV  
  80  6:21  SCV  
  81  6:29  SCV  
  81  6:31  Marine x2  
  83  6:34  Barracks Tech Lab, SCV  
  84  6:40  Supply Depot  
  84  6:41  SCV  
  84  6:46  SCV  
  86  6:47  Marauder x2  
  86  6:48  Barracks Reactor  
  86  6:52  Medivac  
  86  6:53  Supply Depot  
  92  6:54  Terran Infantry Armor Level 1  
  92  6:55  Medivac  
  92  6:57  Refinery  
  92  7:00  Marine x2  
  97  7:01  SCV x2  
  87  7:13  SCV x2  
  87  7:15  Marauder x2  
  87  7:16  Marauder  
  84  7:25  SCV  
  84  7:28  Medivac  
  85  7:35  Marine x2  
  87  7:39  Marine x2  
  87  7:40  Marine x2  
  87  7:43  Command Center  
  90  7:46  SCV x2  
  92  7:51  Medivac  
  92  7:53  Marauder  
  92  7:58  Marine x2  
  98  8:02  Marauder x2  
  102  8:15  Marauder  
  102  8:19  Marine x4  
  107  8:20  Medivac  
  107  8:23  Marauder  
  108  8:38  Marine, Marauder x2  
  108  8:39  Marine x3  
  108  8:40  SCV  
  108  8:41  SCV  
  117  8:46  Marauder  
  117  8:49  Viking  
  117  8:53  Refinery  
  117  8:55  Viking  
  120  8:56  Supply Depot x2  
  120  8:57  Marine x2  
  114  9:07  Marauder x2, Marine x2  
  114  9:08  Marauder  
  97  9:24  Orbital Command, SCV x2  
  97  9:26  Viking x2  
  97  9:28  Marauder x2  
  97  9:29  Marine x4  
  110  9:32  Factory Reactor  
  110  9:36  SCV x2  
  110  9:37  Starport  
  112  9:47  Marauder  
  112  9:49  SCV x2, Marauder  
  112  9:50  SCV, Marauder  
  112  9:52  Marine x4, Refinery  
  125  9:54  Refinery  
  125  9:58  Viking x2  
  129  10:01  SCV  
  130  10:10  Missile Turret  
  130  10:18  SCV x3  
  130  10:20  Missile Turret  
  129  10:28  Marine x3, Marauder x3  
  135  10:29  Marine  
  135  10:32  Viking x2  
  135  10:33  Viking x2, Ghost Academy  
  147  10:45  SCV x3  
  147  10:49  Marine x4  
  154  10:52  Supply Depot  
  154  10:53  Supply Depot  
  154  10:58  Supply Depot  
  154  11:03  Ghost  
  154  11:08  Ghost x2  
  154  11:09  Marine x4  
  154  11:11  Supply Depot  
  164  11:13  Command Center  
  164  11:15  Enhanced Shockwaves  
  164  11:16  Viking  
  166  11:27  Marine x3, Viking  
  166  11:32  Viking  
  173  11:33  Viking  
  173  11:35  Marine  
  173  11:37  Marauder  
  178  11:44  Bunker  
  178  11:46  Ghost  
  182  11:47  Marine, Marauder  
  182  11:48  Marine  
  183  11:55  Marine  
  183  11:56  Marine  
  183  11:58  Marine  
  186  12:07  Supply Depot  
  186  12:09  Fusion Core  
  186  12:11  Armory  
  186  12:12  Engineering Bay  
  186  12:14  Marine x4  
  190  12:22  Missile Turret  
  147  12:37  Marine x3, Marauder x3  
  147  12:38  Marine  
  155  12:45  Liberator x2  
  155  12:46  Liberator x2  
  166  12:58  Advanced Ballistics, Ghost  
  168  13:04  Supply Depot  
  168  13:08  SCV x3  
  168  13:11  Orbital Command  
  162  13:24  Missile Turret  
  159  13:33  Liberator x3  
  160  13:35  Liberator  
  163  13:43  Marine x2  
  163  13:46  Planetary Fortress  
  162  13:54  SCV x3  
  149  14:13  Marine x2  
  149  14:14  Marine x2  
  149  14:15  Marauder x3  
  158  14:18  SCV x3  
  158  14:19  Liberator x2  
  158  14:22  Liberator  
  170  14:32  SCV  
  170  14:33  SCV x2  
  170  14:34  Liberator  
  176  14:43  SCV  
  176  14:45  SCV x2  
  179  14:47  Marine x4  
  179  14:48  Marauder, Ghost  
  179  15:10  Marauder x2  
  167  15:23  Marine x4  
  167  15:24  Marauder  
  173  15:33  Marauder x2  
  156  15:42  Command Center  
  148  15:55  Marine x3  
  136  16:21  Marine x4  
Show
View Real Time Build Order
Export as new Build Order

MaNa Protoss - Winner!

Build Orders: 1 Gate Expand, Oracle Opening, Phoenix Opening 

Get SALT Encoding   

  12  0:00  Probe  
  13  0:12  Probe  
  14  0:16  Pylon  
  14  0:24  Probe (Chrono Boost)  
  15  0:35  Gateway  
  15  0:36  Probe (Chrono Boost)  
  15  0:42  Assimilator  
  16  0:45  Probe (Chrono Boost)  
  17  0:53  Probe  
  18  1:05  Probe  
  19  1:17  Probe  
  20  1:24  Cybernetics Core  
  20  1:29  Probe  
  21  1:42  Nexus  
  21  1:48  Assimilator  
  21  1:55  Pylon  
  21  2:00  Adept (Chrono Boost)  
  23  2:13  Probe  
  24  2:16  Stargate  
  24  2:24  Adept (Chrono Boost)  
  24  2:25  Probe  
  27  2:31  Warp Gate  
  27  2:37  Probe  
  28  2:47  Adept  
  28  2:50  Probe  
  31  2:56  Probe  
  32  2:58  Oracle (Chrono Boost)  
  35  3:07  Gateway  
  35  3:13  Probe x2  
  37  3:20  Shield Battery  
  37  3:26  Probe x2  
  39  3:31  Phoenix (Chrono Boost)  
  40  3:46  Probe  
  40  3:47  Probe  
  40  3:50  Oracle  
  43  4:01  Pylon  
  43  4:02  Probe  
  44  4:04  Probe  
  42  4:14  Probe (Chrono Boost)  
  42  4:16  Probe (Chrono Boost)  
  43  4:21  Robotics Facility  
  43  4:26  Sentry, Probe (Chrono Boost)  
  43  4:27  Assimilator  
  43  4:29  Probe (Chrono Boost)  
  43  4:30  Assimilator  
  47  4:34  Probe (Chrono Boost)  
  47  4:35  Pylon  
  47  4:36  Probe (Chrono Boost)  
  49  4:40  Probe  
  49  4:42  Pylon, Sentry  
  50  4:54  Adept  
  50  4:56  Shield Battery, Probe x2  
  54  5:08  Probe x2  
  54  5:10  Stalker  
  58  5:15  Adept  
  58  5:20  Probe  
  61  5:22  Robotics Bay, Probe  
  61  5:23  Forge  
  62  5:32  Probe  
  62  5:33  Observer (Chrono Boost)  
  62  5:34  Probe  
  62  5:35  Pylon  
  65  5:44  Probe  
  65  5:45  Twilight Council  
  65  5:46  Probe  
  67  5:56  Protoss Ground Weapons Level 1, Probe  
  68  5:58  Probe  
  69  6:06  Nexus  
  69  6:07  Pylon x2  
  69  6:08  Colossus (Chrono Boost)  
  75  6:21  Probe x2  
  75  6:23  Extended Thermal Lance  
  77  6:28  Shield Battery  
  77  6:33  Phoenix (Chrono Boost)  
  77  6:36  Shield Battery  
  79  6:43  Zealot x2  
  79  6:46  Colossus (Chrono Boost)  
  83  6:51  Probe x2  
  91  7:00  Phoenix  
  89  7:08  Zealot  
  89  7:09  Zealot  
  89  7:11  Probe  
  86  7:17  Shield Battery  
  86  7:22  Probe  
  87  7:24  Shield Battery  
  87  7:29  Probe, Charge (Chrono Boost)  
  89  7:32  Colossus (Chrono Boost), Gateway  
  89  7:34  Gateway, Probe  
  95  7:42  Zealot, Sentry  
  95  7:44  Pylon  
  99  7:51  Probe  
  99  7:52  Probe  
  101  8:03  Gateway x2  
  101  8:04  Zealot x2  
  103  8:19  Colossus  
  109  8:20  Pylon  
  109  8:30  Pylon, Phoenix  
  109  8:32  Pylon  
  109  8:33  Pylon  
  109  8:40  Stalker  
  111  8:41  Stalker x2  
  111  8:48  Probe x2  
  116  8:49  Shield Battery  
  106  9:04  Zealot x4  
  106  9:07  Zealot  
  106  9:08  Zealot  
  116  9:11  Probe  
  116  9:12  Colossus (Chrono Boost)  
  116  9:15  Probe  
  119  9:20  Observer, Phoenix  
  117  9:25  Assimilator  
  117  9:26  Assimilator  
  117  9:29  Zealot x2, Sentry x2  
  117  9:30  Zealot x2  
  129  9:34  Forge  
  129  9:45  Phoenix  
  131  9:51  Zealot x4  
  131  9:52  Zealot  
  141  10:05  Protoss Ground Weapons Level 2 (Chrono Boost)  
  141  10:06  Nexus  
  141  10:11  Dark Shrine  
  141  10:27  Robotics Facility  
  140  10:42  Pylon  
  140  10:44  Pylon  
  140  10:45  Pylon x3  
  140  10:55  Blink  
  140  11:00  Disruptor (Chrono Boost), Photon Cannon, Phoenix  
  145  11:04  Pylon  
  145  11:13  Stalker x2  
  145  11:14  Stalker x4  
  145  11:16  Disruptor (Chrono Boost)  
  160  11:27  Disruptor (Chrono Boost)  
  163  11:37  Dark Templar x3  
  169  11:40  Disruptor (Chrono Boost)  
  169  11:59  Pylon  
  169  12:05  Stalker x3  
  175  12:11  Immortal x2 (Chrono Boost)  
  175  12:12  Dark Templar, Stalker x2  
  189  12:22  Probe x2  
  189  12:25  Shield Battery  
  189  12:26  Shield Battery  
  189  12:28  Photon Cannon  
  183  12:37  Disruptor  
  183  12:38  Probe  
  183  12:40  Zealot x5  
  183  12:42  Protoss Ground Weapons Level 3 (Chrono Boost)  
  196  12:53  Forge  
  196  13:03  Assimilator  
  196  13:08  Assimilator  
  196  13:09  Pylon  
  194  13:12  Nexus  
  185  13:28  Disruptor  
  180  13:35  Dark Templar x6  
  180  13:40  Archon x3  
  192  13:42  Disruptor (Chrono Boost)  
  169  14:05  Disruptor (Chrono Boost)  
  162  14:12  Stalker x6  
  174  14:20  Probe x3  
  177  14:32  Probe x3  
  177  14:35  Probe  
  177  14:36  Probe, Immortal x2 (Chrono Boost)  
  182  14:41  Stalker x5  
  200  14:51  Fleet Beacon  
  187  15:05  Dark Templar x2  
  178  15:12  Stalker x2  
  174  15:31  Gateway  
  174  15:33  Cybernetics Core  
  156  15:36  Gateway x3  
  144  15:44  Dark Templar  
  144  16:03  Pylon  
  144  16:04  Cybernetics Core  
  144  16:05  Pylon  
  136  16:24  Stalker  
  136  16:36  Stalker x3  
  136  16:37  Stalker  
  138  17:00  Stalker x3  
  144  17:06  Stalker  
  101  17:23  Zealot x3  

Tags
 
Add a new tag
Caveats
  • Supply blocks, unpowered buildings, or Contaminate may cause inaccurate times.
  • Supply counts are checked every 10 seconds.